 Dungeon Crawl Stone Soup version 0.20.0-4-g10b340a (webtiles) character file.

84942 KiwiOfAdowableness the Eclecticist (level 15, -7/80 HPs)
             Began as a Deep Elf Fire Elementalist on May 27, 2017.
             Was the Champion of Vehumet.
             Killed from afar by an ogre mage (24 damage)
             ... with a bolt of poison
             ... on level 2 of the Orcish Mines.
             The game lasted 02:24:29 (24829 turns).

KiwiOfAdowableness the Eclecticist (DEFE)          Turns: 24829, Time: 02:24:30

Health: -7/80      AC: 16    Str: 11    XL:     15   Next: 36%
Magic:  8/36       EV: 18    Int: 29    God:    Vehumet [******]
Gold:   1448       SH:  6    Dex: 15    Spells: 11/44 levels left

rFire    + . .     SeeInvis .   P - +6 scimitar of Ru's Regard {slice, rElec Str+6}
rCold    x . .     Gourm    .   V - +0 buckler
rNeg     . . .     Faith    .   D - +0 troll leather armour
rPois    .         Spirit   .   a - +0 helmet
rElec    +         Reflect  .   j - +2 cloak {+Inv}
rCorr    .         Harm     +   s - +1 pair of gloves
MR       +....                  (no boots)
Stlth    ++........             Z - amulet of harm
Regen    0.7/turn               d - +4 ring of protection
MPRegen  0.3/turn               o - ring of fire

@: lethally poisoned (-7 -> -13)
A: molten scales 1, clever 1
a: Renounce Religion, Evoke Invisibility


You were on level 2 of the Orcish Mines.
You worshipped Vehumet.
Vehumet was exalted by your worship.
You were not hungry.

You visited 4 branches of the dungeon, and saw 22 of its levels.
You also visited: Sewer and Volcano.

You collected 1813 gold pieces.
You spent 365 gold pieces at shops.

Inventory:

Hand Weapons
 H - the cursed +2 fustibalus "Xaukef" {velocity, rC++ rN+ Int+2 Dex-4}
   (You found it on level 6 of the Lair of Beasts)

   Any stone fired from it inflicts extra damage.
   It affects your intelligence (+2).
   It affects your dexterity (-4).
   It greatly protects you from cold.
   It protects you from negative energy.
   It has a curse placed upon it.
 L - a +0 blowgun
 P - the +6 scimitar of Ru's Regard (weapon) {slice, rElec Str+6}
   (You found it on level 6 of the Dungeon)

   It inflicts extra damage upon your enemies.
   It affects your strength (+6).
   It insulates you from electricity.
Missiles
 M - 10 curare-tipped needles
Armour
 a - a +0 helmet (worn)
 j - a +2 cloak of invisibility (worn)
 s - a +1 pair of gloves (worn)
 D - a +0 troll leather armour (worn)
 G - a +0 robe
 V - a +0 buckler (worn)
Magical Staves
 R - an uncursed staff of fire
Jewellery
 b - an uncursed ring of protection from fire
 d - a +4 ring of protection (left hand)
 h - an uncursed ring of resist corrosion
 o - a ring of fire (right hand)
 B - a cursed ring of teleportation {unknown}
 I - an uncursed amulet of regeneration
 T - an uncursed ring of wizardry
 Z - an amulet of harm (around neck)
Wands
 z - a wand of iceblast (8/15)
 Q - a wand of digging (16/24)
Scrolls
 i - 12 scrolls of teleportation
 m - 4 scrolls of recharging
 p - 12 scrolls of remove curse
 t - 4 scrolls of enchant armour
 x - 3 scrolls of enchant weapon
 y - 6 scrolls of immolation
 C - 5 scrolls of blinking
 K - 2 scrolls of holy word
 N - a scroll of fear
 S - 8 scrolls of identify
 U - a scroll of amnesia
 Y - a scroll of magic mapping
Potions
 e - 5 potions of flight {unknown}
 f - 3 potions of magic
 n - 10 potions of curing
 q - 6 potions of invisibility
 r - 6 potions of heal wounds
 u - 2 potions of agility
 v - 4 potions of might
 w - 7 potions of brilliance {unknown}
 A - 5 potions of lignification {unknown}
 J - 5 potions of haste {unknown}
 W - 3 potions of resistance
 X - 3 potions of cancellation
Books
 g - the Compendium of the Dislocated Entourage
   (You found it on level 6 of the Lair of Beasts)

   Spells                             Type                      Level
   a - Summon Guardian Golem          Hexes/Summoning              3
   b - Call Canine Familiar           Summoning                    3
   c - Dispersal                      Translocation                6
   d - Disjunction                    Translocation                8
 E - a book of Clouds

   Spells                             Type                      Level
   a - Poisonous Vapours              Poison/Air                   2
   b - Mephitic Cloud                 Conjuration/Poison/Air       3
   c - Conjure Flame                  Conjuration/Fire             3
   d - Freezing Cloud                 Conjuration/Ice/Air          6
   e - Ring of Flames                 Charms/Fire                  7
Comestibles
 c - 12 bread rations
 k - 18 royal jellies
 l - 7 fruits
 F - 8 meat rations
 O - a chunk of flesh


   Skills:
 - Level 4.0 Fighting
 - Level 4.8 Long Blades
 - Level 3.0 Armour
 + Level 9.9 Dodging
 - Level 2.4 Stealth
 - Level 6.1 Shields
 - Level 15.3 Spellcasting
 - Level 14.1 Conjurations
 - Level 12.1 Charms
 - Level 2.2 Necromancy
 - Level 15.1 Fire Magic


You had 11 spell levels left.
You knew the following spells:

 Your Spells              Type           Power        Failure   Level  Hunger
a - Throw Flame           Conj/Fire      ######       0%          2    None
c - Conjure Flame         Conj/Fire      ########     0%          3    None
d - Sticky Flame          Conj/Fire      ########     1%          4    None
e - Irradiate             Conj/Tmut      ######....   1%          5    None
f - Fireball              Conj/Fire      ########..   1%          5    None
g - Iskenderun's Battles  Conj/Chrm      #######.     1%          5    None
h - Bolt of Fire          Conj/Fire      ########..   1%          6    ###....
r - Regeneration          Chrm/Necr      ######....   1%          3    None


Dungeon Overview and Level Annotations

Branches:
Dungeon (13/15)            Temple (1/1) D:5            Lair (6/6) D:10
 Shoals (0/4) Lair:2       Spider (0/4) Lair:4        Slime (0/5) Lair:6
    Orc (2/2) D:12         Vaults (0/5) D:13
    Elf: Orc:2

Altars:
Ashenzari
Cheibriados
Dithmenos
Elyvilon
Fedhas
Gozag
Hepliaklqana
Kikubaaqudgha
Makhleb
Nemelex Xobeh
Okawaru
Qazlal
Ru
Sif Muna
Trog
Uskayaw
Vehumet
Xom
Yredelemnul
Zin
The Shining One

Shops:
D:2 *   D:5 !   D:9 **?(   D:13 [   Orc:2 (

Annotations:
D:8 exclusion: ice statue
Lair:3 skittles's ghost, journeyman DrFE


Innate Abilities, Weirdness & Mutations

You are partially covered in molten scales. (AC +2)
Your mind is acute. (Int +2)


Message History

You feel your power returning.
The bolt of fire hits the ogre mage.
The ogre mage is almost dead.
The ogre mage casts a spell at you. The bolt of cold hits you!
You feel a terrible chill!
Ouch! That really hurt!
* * * LOW HITPOINT WARNING * * *
An ogre comes into view. It is wielding a giant club.
As you read the scroll of fear, it crumbles to dust.
You assume a fearsome visage.
The ogre looks frightened! x2
The ogre mage looks frightened!
The two-headed ogre looks frightened! x2
The ogre looks frightened! x3
The ogre shouts!
The ogre mage gestures wildly while chanting.
The ogre mage blinks!
An ogre and a two-headed ogre come into view.
You hear some strange, mumbled words.
A bolt of poison appears from out of thin air!
The bolt of poison hits you!
You are poisoned.
You die...

#.#.##.##
###..#.##
###.#...#
######
######.####
...........##
............##
..########...#
.O..####..#
...O..##..#
.O.O.))#.@#
OOO)))))..#
.OO))O....#
..O.)..#..#
......##..#
....## #..#
#### ...# ..##
.##


You could see 4 ogres.

Vanquished Creatures
  2 entropy weavers (Lair:5)
  A dire elephant (Lair:6)
  Josephine (Lair:5)
  5 hydras
  A catoblepas (Lair:6)
  A centaur warrior (D:13)
  2 ogre magi (Orc:2)
  15 two-headed ogres
  2 dancing weapons
  A deep troll shaman (Lair:6)
  17 death yaks
  A queen ant (Lair:5)
  5 skeletal warriors (D:13)
  An orc knight (Orc:1)
  2 ugly things
  2 cyclopes
  7 elephants
  4 black mambas
  An eye of devastation (Lair:6)
  A centaur zombie (D:13)
  4 molten gargoyles
  2 rime drakes (Lair:6)
  16 spiny frogs
  2 kobold demonologists (D:13)
  8 komodo dragons
  A freezing wraith (D:8)
  5 ice devils
  3 polar bears
  A troll (D:13)
  A snapping turtle (Lair:2)
  9 blink frogs
  11 hippogriffs
  6 dream sheep
  8 redbacks
  The ghost of KiwiOfAdowableness the Firebug, an amateur DEFE of Vehumet (D:4)
  37 yaks
  5 wraiths
  9 fire bats
  A vampire (D:13)
  3 wyverns
  4 hogs (D:7)
  A hungry ghost (D:7)
  5 humans
  2 basilisks
  2 vampire mosquitoes (D:12)
  11 soldier ants
  A hell hound (Volcano)
  10 porcupines
  10 water moccasins
  7 orc warriors
  5 sky beasts
  4 ice beasts
  18 ogres
  3 eyes of draining
  3 black bears
  A necrophage (D:8)
  4 phantoms
  16 wolves
  7 centaurs
  10 crocodiles
  3 big kobolds
  19 bullfrogs
  A water moccasin zombie (D:4)
  7 scorpions
  A wyvern skeleton (D:9)
  15 killer bees
  5 wights
  A howler monkey (D:10)
  13 lava snakes
  8 crimson imps
  2 quasits
  2 jellies
  8 hounds
  2 bullfrog skeletons
  A bullfrog zombie (D:9)
  14 orc priests
  3 centaur skeletons
  Ijyb (D:3)
  17 orc wizards
  36 worker ants
  8 iguanas
  2 hell rats (Lair:6)
  8 ogre zombies (D:12)
  A hound zombie (D:7)
  2 hound skeletons (D:7)
  3 gnolls (D:2)
  21 adders
  A howler monkey skeleton (D:8)
  19 river rats
  4 shadow imps
  6 ufetubi (D:8)
  An ooze (Sewer)
  An adder zombie (D:7)
  An adder skeleton (D:5)
  A worm (D:5)
  A dart slug (D:2)
  4 leopard geckos
  54 orcs
  11 giant cockroaches
  3 goblins
  7 hobgoblins
  12 jackals
  4 quokkas
  9 ball pythons
  11 bats
  5 frilled lizards
  2 goblin skeletons (D:12)
  A goblin zombie (D:12)
  3 hobgoblin skeletons (D:12)
  3 hobgoblin zombies (D:12)
  A jackal skeleton (D:7)
  42 kobolds
  2 leopard gecko skeletons
  6 orc skeletons (D:12)
  10 orc zombies (D:12)
  25 rats
  3 fungi
  A plant (Lair:6)
787 creatures vanquished.

Vanquished Creatures (others)
  4 dream sheep (D:3)
  9 fungi
  8 plants
21 creatures vanquished.

Grand Total: 808 creatures vanquished

Notes
Turn   | Place    | Note
-------+----------+-------------------------------------------
     0 | D:1      | KiwiOfAdowableness the Deep Elf Fire Elementalist began the quest for the Orb.
     0 | D:1      | Reached XP level 1. HP: 10/10 MP: 6/6
   215 | D:1      | Reached XP level 2. HP: 15/15 MP: 4/8
   373 | D:1      | Found a snail-covered altar of Cheibriados.
   694 | D:2      | Found Zin's Purification Station.
   694 | D:2      | Found a glowing silver altar of Zin.
   819 | D:2      | Reached XP level 3. HP: 19/19 MP: 4/9
  1170 | D:2      | Reached XP level 4. HP: 21/24 MP: 9/12
  1330 | D:2      | Reached skill level 5 in Spellcasting
  1496 | D:2      | Learned a level 2 spell: Throw Flame
  1500 | D:2      | Learned a level 3 spell: Conjure Flame
  1505 | D:2      | Learned a level 4 spell: Sticky Flame
  1600 | D:3      | Found a shadowy altar of Dithmenos.
  1636 | D:3      | Reached XP level 5. HP: 28/28 MP: 10/14
  1650 | D:3      | Found a glowing drain.
  1695 | Sewer    | Entered a sewer
  2132 | Sewer    | Reached XP level 6. HP: 32/32 MP: 8/15
  2288 | Sewer    | Reached skill level 5 in Conjurations
  2618 | D:3      | Reached skill level 5 in Fire Magic
  2711 | D:3      | Found a shimmering altar of Xom.
  2711 | D:3      | Noticed a dream sheep
  2711 | D:3      | Noticed a dream sheep
  2711 | D:3      | Noticed a dream sheep
  2711 | D:3      | Noticed a dream sheep
  2711 | D:3      | Noticed a dream sheep
  2715 | D:3      | Killed a dream sheep
  2716 | D:3      | Killed a dream sheep
  2716 | D:3      | Killed a dream sheep
  2716 | D:3      | Killed a dream sheep
  2716 | D:3      | Killed a dream sheep
  2803 | D:3      | Found a sparkling altar of Nemelex Xobeh.
  2876 | D:3      | Found a blossoming altar of Fedhas.
  3093 | D:3      | Noticed Ijyb
  3101 | D:3      | Killed Ijyb
  3358 | D:4      | Reached XP level 7. HP: 36/36 MP: 13/18
  3365 | D:4      | Learned a level 5 spell: Fireball
  3403 | D:4      | Found a sacrificial altar of Ru.
  3594 | D:4      | Noticed KiwiOfAdowableness's ghost (amateur DEFE)
  3875 | D:4      | Killed KiwiOfAdowableness's ghost
  4331 | D:4      | Found a bloodstained altar of Trog.
  4415 | D:4      | Reached XP level 8. HP: 32/41 MP: 14/22
  4457 | D:5      | Entered Level 5 of the Dungeon
  4613 | D:5      | Found Lit Ong's Distillery.
  4627 | D:5      | Bought a potion of curing for 39 gold pieces
  4627 | D:5      | Bought a potion of mutation for 104 gold pieces
  4627 | D:5      | Bought a potion of heal wounds for 65 gold pieces
  4635 | D:5      | Gained mutation: You are partially covered in molten scales. (AC +2) [potion of mutation]
  4635 | D:5      | Gained mutation: Your mind is acute. (Int +2) [potion of mutation]
  5040 | D:5      | Found a staircase to the Ecumenical Temple.
  5080 | Temple   | Entered the Ecumenical Temple
  5665 | D:6      | Found an ancient bone altar of Kikubaaqudgha.
  5667 | D:6      | Found a hazy altar of Hepliaklqana.
  5928 | D:6      | Got a transparent scimitar
  6040 | D:6      | Identified the +6 scimitar of Ru's Regard {slice, rElec Str+6} (You found it on level 6 of the Dungeon)
  6101 | D:6      | Found a radiant altar of Vehumet.
  6157 | D:6      | Reached XP level 9. HP: 45/45 MP: 13/23
  6250 | D:6      | Found a stormy altar of Qazlal.
  6543 | D:7      | Noticed a green ugly thing
  6577 | D:7      | Reached skill level 10 in Spellcasting
  7082 | D:7      | Killed a green ugly thing
  7227 | D:7      | Reached skill level 10 in Fire Magic
  7577 | D:7      | Reached XP level 10. HP: 50/50 MP: 15/26
  7872 | D:7      | Reached skill level 5 in Dodging
  8236 | D:6      | Became a worshipper of Vehumet
  8290 | D:8      | Noticed a death knight
  8290 | D:8      | Noticed a skeletal warrior
  8369 | D:8      | Noticed a two-headed ogre
  8380 | D:8      | Killed a two-headed ogre
  8443 | D:8      | Noticed a two-headed ogre
  8455 | D:8      | Killed a two-headed ogre
  9108 | D:8      | Noticed an ice statue
  9238 | D:8      | Reached XP level 11. HP: 55/61 MP: 15/27
  9253 | D:8      | Reached * piety under Vehumet
  9253 | D:8      | Offered knowledge of Freeze by Vehumet.
  9432 | D:8      | Learned a level 3 spell: Regeneration
  9770 | D:9      | Found Wineh's Weapon Emporium.
  9775 | D:9      | Found Xedorous's General Store.
  9775 | D:9      | Found Pewuet Usiu's Magic Scroll Emporium.
  9776 | D:9      | Found Riarysmont's General Store.
  9794 | D:9      | Bought a scroll of teleportation for 45 gold pieces
  9794 | D:9      | Bought a scroll of blinking for 112 gold pieces
 10371 | D:9      | Reached skill level 10 in Conjurations
 10375 | D:9      | Identified a scroll of acquirement
 10487 | D:10     | Entered Level 10 of the Dungeon
 10606 | D:10     | Noticed a death yak
 10607 | D:10     | Noticed a death yak
 10655 | D:10     | Noticed a death yak
 10655 | D:10     | Noticed a death yak
 11212 | D:10     | Found a staircase to the Lair.
 11349 | Lair:1   | Entered Level 1 of the Lair of Beasts
 11479 | Lair:1   | Learned a level 3 spell: Mephitic Cloud
 12112 | Lair:2   | Offered knowledge of Sandblast by Vehumet.
 12119 | Lair:2   | Reached ** piety under Vehumet
 12305 | Lair:2   | HP: 2/61 [komodo dragon (39)]
 12446 | Lair:2   | Reached skill level 1 in Charms
 12660 | Lair:2   | Reached skill level 5 in Charms
 12845 | Lair:2   | Reached skill level 1 in Necromancy
 12933 | Lair:2   | Found a staircase to the Shoals.
 12947 | Lair:2   | Reached XP level 12. HP: 66/66 MP: 21/31
 13477 | Lair:3   | Reached skill level 1 in Shields
 13629 | Lair:3   | Noticed skittles's ghost (journeyman DrFE)
 13770 | Lair:2   | Learned a level 5 spell: Irradiate
 14017 | Lair:3   | Offered knowledge of Throw Frost by Vehumet.
 14868 | Lair:4   | Found a hole to the Spider Nest.
 15131 | Lair:4   | Reached skill level 5 in Shields
 15255 | Lair:4   | Reached *** piety under Vehumet
 15277 | Lair:4   | Found a dark tunnel.
 15299 | Volcano  | Entered a volcano
 15333 | Volcano  | Reached skill level 1 in Long Blades
 15687 | Lair:4   | Noticed a six-headed hydra
 15698 | Lair:4   | Killed a six-headed hydra
 16632 | Lair:5   | Offered knowledge of Fulminant Prism by Vehumet.
 16640 | Lair:5   | Reached XP level 13. HP: 65/70 MP: 17/32
 16657 | Lair:5   | Noticed an entropy weaver
 17442 | Lair:5   | Reached **** piety under Vehumet
 17522 | Lair:5   | Offered knowledge of Iskenderun's Battlesphere by Vehumet.
 17529 | Lair:5   | Learned a level 5 spell: Iskenderun's Battlesphere
 17719 | Lair:5   | Noticed an entropy weaver
 17803 | Lair:5   | Killed an entropy weaver
 18483 | Lair:6   | Entered Level 6 of the Lair of Beasts
 18500 | Lair:5   | Killed an entropy weaver
 18635 | Lair:6   | Noticed Josephine
 18640 | Lair:5   | Killed Josephine
 18950 | Lair:5   | Reached ***** piety under Vehumet
 18951 | Lair:5   | Offered knowledge of Bolt of Fire by Vehumet.
 19301 | Lair:6   | Found a staircase to the Slime Pits.
 19689 | Lair:6   | Got a slimy leather armour
 19690 | Lair:6   | Identified the +0 leather armour of Utogioh {Str+3} (You found it on level 6 of the Lair of Beasts)
 20035 | Lair:6   | Learned a level 6 spell: Bolt of Fire
 20313 | Lair:6   | Noticed a dire elephant
 20318 | Lair:6   | Killed a dire elephant
 20318 | Lair:6   | Reached XP level 14. HP: 76/76 MP: 5/33
 20559 | Lair:6   | Identified the Compendium of the Dislocated Entourage
 20568 | Lair:6   | Got a crystal fustibalus
 20569 | Lair:6   | Identified the cursed +2 fustibalus "Xaukef" {velocity, rC++ rN+ Int+2 Dex-4} (You found it on level 6 of the Lair of Beasts)
 21414 | D:11     | Reached skill level 15 in Spellcasting
 21416 | D:11     | Offered knowledge of Spellforged Servitor by Vehumet.
 21817 | D:11     | Reached skill level 15 in Fire Magic
 22243 | D:12     | Found a snail-covered altar of Cheibriados.
 22516 | D:12     | Found a staircase to the Orcish Mines.
 23078 | D:13     | Reached skill level 10 in Charms
 23148 | D:13     | Found a gate to the Vaults.
 23176 | D:13     | Found Ruel Vugh's Armour Boutique.
 23204 | D:13     | Reached ****** piety under Vehumet
 23250 | D:13     | Offered knowledge of Bolt of Magma by Vehumet.
 23915 | D:13     | Reached XP level 15. HP: 80/80 MP: 18/36
 24446 | Orc:1    | Entered Level 1 of the Orcish Mines
 24453 | Orc:1    | Reached skill level 1 in Armour
 24576 | Orc:2    | Entered Level 2 of the Orcish Mines
 24705 | Orc:2    | Found Towk's Antique Weapon Emporium.
 24827 | Orc:2    | Offered knowledge of Orb of Destruction by Vehumet.
 24829 | Orc:2    | Killed from afar by an ogre mage

Skill      XL: |  1  2  3  4  5  6  7  8  9 10 11 12 13 14 15 |
---------------+----------------------------------------------+-----
Conjurations   | 2 3 4 5 8 9 11 13 14 | 14.1
Spellcasting   | 4 5 6 8 10 13 15 | 15.3
Fire Magic     | 4 5 6 8 11 14 15 | 15.1
Dodging        | 8 9 |  9.9
Fighting       | 4 |  4.0
Charms         | 6 11 12 | 12.1
Necromancy     | 2 |  2.2
Shields        | 6 |  6.1
Long Blades    | 4 |  4.8
Armour         | 3 |  3.0
Stealth        | |  2.4

Action                   |  1- 3 |  4- 6 |  7- 9 | 10-12 | 13-15 || total
-------------------------+-------+-------+-------+-------+-------++-------
Melee: Unarmed           |       |    21 |       |       |       ||    21
       Mace              |       |       |    41 |       |       ||    41
       Short sword       |       |       |     2 |       |       ||     2
       Scimitar          |       |       |    15 |   156 |   258 ||   429
 Cast: Flame Tongue      |    55 |   171 |   212 |   128 |       ||   566
       Throw Flame       |       |     1 |    21 |   227 |   389 ||   638
       Sticky Flame      |       |     1 |    14 |    43 |    49 ||   107
       Conjure Flame     |       |       |     4 |     7 |     2 ||    13
       Fireball          |       |       |     1 |    26 |    61 ||    88
       Regeneration      |       |       |       |     3 |     8 ||    11
       Irradiate         |       |       |       |     5 |     5 ||    10
       Bolt of Fire      |       |       |       |       |    40 ||    40
       Iskenderun's Batt |       |       |       |       |     2 ||     2
Evoke: Wand              |       |       |     3 |     6 |       ||     9
  Use: Scroll            |       |     2 |     1 |    15 |    18 ||    36
       Potion            |       |       |     3 |     6 |     2 ||    11
 Stab: Distracted        |       |       |       |       |     1 ||     1
  Eat: Chunk             |       |     7 |    10 |    17 |    20 ||    54
       Fruit             |       |       |     4 |    10 |    15 ||    29
       Meat ration       |       |       |       |     1 |       ||     1
Armor: Robe              |     9 |    16 |    47 |    86 |    72 ||   230
       Troll leather arm |       |       |       |       |    14 ||    14
Dodge: Dodged            |     8 |    60 |    65 |   234 |   271 ||   638
Block: Buckler           |       |       |       |    32 |   113 ||   145
       Rpst.: Scimitar   |       |       |     5 |    64 |    71 ||   140
